 Dungeon Crawl Stone Soup version 0.29.0-4-gdea44cf6ec (webtiles) character file.

Game seed: 16013768064952287885

126 qw the Chopper (level 5, -10/30 HPs)
             Began as a Tengu Warper on Aug 28, 2022.
             Killed by nerve-wracking pain
             ... invoked by Jessica
              (12 damage)
             ... on level 3 of the Dungeon.
             The game lasted 00:00:18 (2509 turns).

qw the Chopper (Tengu Warper)                       Turns: 2509, Time: 00:00:19

Health: -10/30     AC:  8    Str: 14    XL:     5   Next: 10%
Magic:  9/9        EV:  7    Int: 13    God:
Gold:   28         SH:  0    Dex: 13    Spells: 8/8 levels left

rFire   . . .      SeeInvis +   Y - +2 hand axe (elec)
rCold   . . .      Faith    .   (no shield)
rNeg    . . .      Spirit   .   j - +0 chain mail
rPois   .          Reflect  .   (helmet restricted)
rElec   .          Harm     .   (no cloak)
rCorr   .          Rampage  .   (no gloves)
Will    .....                   (boots unavailable)
Stlth   ..........              (no amulet)
HPRegen 0.10/turn               l - ring of see invisible
MPRegen 0.11/turn               (no ring)

@: flying quickly and evasively, quick
A: beak, talons 3, nimble flight
a: no special abilities


You were on level 3 of the Dungeon.
You visited 1 branch of the dungeon, and saw 3 of its levels.

You collected 28 gold pieces.


Innate Abilities, Weirdness & Mutations

You have a beak for a mouth.
You have claws for feet.
Your magical nature lets you fly swiftly and evasively.


   Skills:
 - Level 2.0 Fighting
 + Level 5.6 Axes
 - Level 1.0 Throwing
 - Level 1.1 Armour
 - Level 2.1 Dodging
 - Level 2.0 Spellcasting
 - Level 2.4 Translocations


You had 8 spell levels left.
You didn't know any spells.
Your spell library contained the following spells:

 Spells                   Type           Power      Damage    Failure   Level
 Blink                    Tloc           14%        N/A       99%         2
 Gell's Gravitas          Tloc           7%         N/A       100%        3
 Lesser Beckoning         Tloc           7%         N/A       100%        3
 Teleport Other           Tloc           7%         N/A       100%        3
 Manifold Assault         Tloc           7%         N/A       100%        5

Inventory:

Hand Weapons
 c - a +0 flail
 Y - a +2 hand axe of electrocution (weapon)
Armour
 j - a +0 chain mail (worn)
Jewellery
 l - a ring of see invisible (left hand)
Scrolls
 d - a scroll of identify
Potions
 b - a potion of might
 h - a potion of ambrosia {unknown}
 i - a potion of magic {unknown}

Dungeon Overview and Level Annotations

Branches:
Dungeon (3/15)

Altars:

Annotations:
D:2 1 runed translucent door, Crazy Yiuf
D:3 Jessica


Message History

You see here a +0 hammer.
You see here a +0 hammer.
Things that are here:
a +0 flail; a gnoll skeleton
There is a stone staircase leading down, spattered with blood here.
You climb downwards.
The hobgoblin shouts!
Jessica the Apprentice Sorceress comes into view.
She is wielding a +0 dagger.
There is a stone staircase leading up, spattered with blood here.
The gnoll hits you with a +0 halberd! The gnoll hits you with a +0 spear.
You hit the gnoll. You claw the gnoll!
The gnoll is almost dead.
You hit the gnoll. The gnoll hits you with a +0 halberd.
The gnoll hits you but does no damage.
You hit the gnoll. Lightning courses through the gnoll!
You kill the gnoll!
You hit the gnoll. The gnoll hits you with a +0 spear.
Jessica drinks a potion.
Jessica suddenly seems more resistant.
You have reached level 5!
Your magical nature develops, letting you fly swiftly and evasively.
You hit the gnoll but do no damage. Lightning courses through the gnoll!
You kill the gnoll!
You hit the hobgoblin.
Lightning courses through the hobgoblin!
You kill the hobgoblin!
Things that are here:
a +0 halberd; a hobgoblin corpse; a gnoll corpse You hit Jessica.
Jessica is moderately wounded.
Jessica hits you but does no damage.
You barely miss Jessica. Your kick misses Jessica. Your peck misses Jessica.
Jessica is lightly wounded.
Jessica barely misses you.
You hit Jessica. Your kick misses Jessica. Your peck misses Jessica.
Jessica is severely wounded.
Jessica mumbles something strange.
Jessica casts a spell at you. Pain shoots through your body!
You die...

..... .... ##
..( ..####
###..###.....
...........
#.<.. ..#
#..@##..####
#..@.......#
#..).......#
#....<.....#
#......?...#
#..........#
...............
~~~~~~~~~~....~
~~~~~~~~~~~....~
~~~~~~~~~~~....~


You could see Jessica (resistant).

Vanquished Creatures
  Terence (D:2)
  3 gnolls
  An adder (D:2)
  2 dart slugs
  2 orcs (D:2)
  2 endoplasms (D:2)
  2 giant cockroaches
  4 goblins
  6 hobgoblins
  7 jackals (D:2)
  3 quokkas
  3 ball pythons
  2 bats
  6 frilled lizards
  5 kobolds
  8 rats
57 creatures vanquished.

Notes
Turn   | Place    | Note
-------+----------+-------------------------------------------
     0 | D:1      | qw the Tengu Warper began the quest for the Orb.
     0 | D:1      | Reached XP level 1. HP: 12/12 MP: 4/4
     0 | D:1      | 0 ||| qw: Version: 0.1-a-89-g26bdef1
     0 | D:1      | 0 ||| qw: Game counter: 2546
     0 | D:1      | 0 ||| qw: Always use a shield: true
     0 | D:1      | 0 ||| qw: God list: Okawaru
     0 | D:1      | 0 ||| qw: Allow faded altars: false
     0 | D:1      | 0 ||| qw: Do Orc after D:15 true
     0 | D:1      | 0 ||| qw: Do second Lair branch before Depths: true
     0 | D:1      | 0 ||| qw: Lair rune preference: random
     0 | D:1      | 0 ||| qw: Plans: Normal
     0 | D:1      | 0 ||| PLANNING D:1-11
    95 | D:1      | 95 ||| Stepping ~*~*~tactically~*~*~ (stealth).
   102 | D:1      | Found a faded altar of an unknown god.
   123 | D:1      | Reached skill level 3 in Axes
   123 | D:1      | Reached XP level 2. HP: 14/17 MP: 6/6
   730 | D:1      | Reached XP level 3. HP: 21/21 MP: 7/7
  1000 | D:1      | 1000 ||| UPGRADING to +0 ring mail.
  1010 | D:1      | 1010 ||| DROPPING +0 leather armour.
  1011 | D:1      | 1011 ||| UPGRADING to +0 chain mail.
  1021 | D:1      | 1021 ||| DROPPING +0 ring mail.
  1022 | D:1      | 1022 ||| UPGRADING to ring of see invisible.
  1023 | D:1      | 1023 ||| READING scroll labelled ZIOKLO MOZATS.
  1024 | D:1      | 1024 ||| READING scroll labelled EHEAH POGEROTU.
  1025 | D:1      | 1025 ||| READING 2 scrolls labelled EMONTEO QAMEUC.
  1026 | D:1      | 1026 ||| READING scroll of enchant weapon.
  1026 | D:1      | 1026 ||| ENCHANTING +1 hand axe of electrocution.
  1027 | D:1      | 1027 ||| DROPPING scroll of blinking.
  1131 | D:2      | Noticed Terence
  1136 | D:2      | Reached skill level 4 in Axes
  1140 | D:2      | Killed Terence
  1141 | D:2      | Reached XP level 4. HP: 15/26 MP: 8/8
  1177 | D:2      | 1177 ||| Stepping ~*~*~tactically~*~*~ (stealth).
  1300 | D:2      | 1300 ||| DROPPING +0 club.
  1303 | D:2      | 1303 ||| Stepping ~*~*~tactically~*~*~ (stealth).
  1305 | D:2      | 1305 ||| Stepping ~*~*~tactically~*~*~ (hiding).
  1309 | D:2      | 1309 ||| Stepping ~*~*~tactically~*~*~ (hiding).
  1472 | D:2      | Reached skill level 5 in Axes
  1647 | D:2      | Found a runed translucent door.
  1648 | D:2      | Noticed Crazy Yiuf
  1821 | D:2      | 1821 ||| READING 3 scrolls labelled DESYIZ CIOM.
  1822 | D:2      | 1822 ||| DRINKING 2 viscous orange potions.
  1823 | D:2      | 1823 ||| READING 2 scrolls of identify.
  1823 | D:2      | 1823 ||| IDENTIFYING fizzy inky potion
  1824 | D:2      | 1824 ||| DROPPING potion of flight.
  1854 | D:3      | 1854 ||| STAIRDANCE
  1913 | D:3      | 1913 ||| STAIRDANCE
  2084 | D:3      | 2084 ||| STAIRDANCE
  2144 | D:3      | 2144 ||| STAIRDANCE
  2294 | D:3      | 2294 ||| STAIRDANCE
  2443 | D:3      | 2443 ||| STAIRDANCE
  2501 | D:3      | Noticed Jessica
  2504 | D:3      | HP: 1/26 [gnoll/+0 spear (6)]
  2505 | D:3      | Gained mutation: Your magical nature lets you fly swiftly
                  | and evasively. [Tengu growth]
  2505 | D:3      | Reached XP level 5. HP: 1/30 MP: 9/9
  2509 | D:3      | Killed from afar by Jessica

Levels and vault maps discovered:
D:1:      dpeg_arrival_another_circle, layout_loops_ring,
          basic_ecumenical_altar, minmay_curled_crystal
D:2:      layout_rooms, chequers_serial_rivers_micro_a, uniq_terence,
          uniq_crazy_yiuf_cottage
D:3:      lemuel_castle_with_subvaults [lemuel_castle_interior_carwin_2],
          layout_rooms, serial_shops, shop_fountains, uniq_jessica

Skill      XL: |  1  2  3  4 |
---------------+-------------+-----
Axes           | 3 4 5 |  5.6
Fighting       | |  2.0
Throwing       | |  1.0
Armour         | |  1.1
Dodging        | |  2.1
Spellcasting   | |  2.0
Translocations | |  2.4

Action                   |  1- 3 |  4- 6 || total
-------------------------+-------+-------++-------
Melee: Hand axe          |    62 |    36 ||    98
       Kick              |    11 |     6 ||    17
       Peck              |     6 |     4 ||    10
Throw: Boomerang         |     7 |       ||     7
  Use: Scroll            |     4 |     2 ||     6
       Potion            |       |     1 ||     1
Armor: Leather armour    |     7 |       ||     7
       Chain mail        |    25 |    30 ||    55
Dodge: Dodged            |    30 |    14 ||    44

Table legend:
 A = Non-vault XP
 B = Vault XP
 C = Vault XP percentage of total XP
 D = Non-vault monster count
 E = Vault monster count
 F = Vault count percentage of total count
                 A         B        C        D         E       F
            +---------+---------+-------+---------+---------+-------
      Total |     131 |      50 |  27.6 |      50 |       7 |  12.3
            +---------+---------+-------+---------+---------+-------
        D:1 |      35 |       0 |   0.0 |      21 |       0 |   0.0
        D:2 |      66 |      50 |  43.1 |      26 |       7 |  21.2
        D:3 |      30 |       0 |   0.0 |       3 |       0 |   0.0
            +---------+---------+-------+---------+---------+-------
